Wolfpack vs Icehogs
Created - December 30, 2024 at 19:01
Goals
|
| Wolfpack |
2 |
3 |
1 |
6 |
| Icehogs |
1 |
1 |
2 |
4 |
|
Shots
|
| Wolfpack |
13 |
9 |
10 |
32 |
| Icehogs |
5 |
11 |
13 |
29 |
|
1st period
1. Icehogs , Gabriel Fortier 11 (Ben Johnson 8, Declan Chisholm 5) at 2:12
2. Wolfpack , Nolan Patrick 14 (Cale Fleury 2) at 3:12
3. Wolfpack , Sebastian Collberg 14 (Nolan Patrick 15) at 11:30
Penalties :
Ross Johnston (Roc) for Holding (Minor) at 4:43
2nd period
4. Icehogs , Ben Johnson 8 (Gabriel Fortier 4) at 1:28
5. Wolfpack , Sebastian Collberg 15 (Nolan Patrick 16) at 11:33
6. Wolfpack , Sebastian Collberg 16 (Nolan Patrick 17, K'Andre Miller 8) at 15:33
7. Wolfpack , Dryden Hunt 5 (Nolan Patrick 18, Sebastian Collberg 13) at 17:11
Penalties :
Ben Johnson (Roc) for Boarding (Minor) at 3:23, Colton White (Har) for Slashing (Minor) at 4:36, Ryan Culkin (Har) for Cross-checking (Minor) at 8:44, Nikita Scherbak (Roc) for Goalie Interference (Minor) at 12:17
3rd period
8. Icehogs , Mikhail Grigorenko 15 (Hudson Fasching 23) at 8:00
9. Wolfpack , Nolan Patrick 15 (Colton White 15, Dryden Hunt 9) at 13:54 (PP)
10. Icehogs , Hudson Fasching 19 (Mikhail Grigorenko 20, Dillon Dube 21) at 15:59 (PP)
Penalties :
Nolan Patrick (Har) for Roughing (Minor) at 5:24, Dryden Hunt (Har) for Interference (Minor) at 10:56, Ross Johnston (Roc) for Roughing (Minor) at 13:48, Jake Marchment (Har) for Interference (Minor) at 15:56
Goalie Stats
Charlie Lindgren (Har), 25 saves from 29 shots - (0.862), W, 9-6-1, 60:00 minutes
Mackenzie Blackwood (Roc), 15 saves from 19 shots - (0.789), 35:33 minutes
Oscar Dansk (Roc), 11 saves from 13 shots - (0.846), L, 4-1-1, 24:27 minutes
Players Stats for Wolfpack
Player Name G A P +/- PIM S H SB GA TA FO MP PP MP PK MP
------------------------------------------------------------------------------------
Alex Barre-Boulet 0 0 0 0 0 2 1 0 0 0 7/11 15:25 1:59 0:35
Alexander Barabanov 0 0 0 0 0 3 2 0 0 0 3/3 19:38 1:59 4:08
Alexander Volkov 0 0 0 -2 0 2 0 1 0 0 0/1 11:18 0:00 0:00
Andrei Altybarmakyan 0 0 0 0 0 2 0 0 0 0 0/0 6:26 0:00 0:00
Cale Fleury 0 1 1 3 0 0 1 0 0 1 0/0 11:48 0:00 1:01
Colton White 0 1 1 -1 2 2 0 2 0 1 0/0 26:57 3:06 4:00
Derrick Pouliot 0 0 0 -1 0 2 2 3 2 3 0/0 27:16 3:07 4:20
Dryden Hunt 1 1 2 4 2 1 2 1 2 0 0/0 22:27 3:18 2:36
Jake Marchment 0 0 0 -2 2 2 0 0 1 0 3/10 14:45 0:00 3:02
Jakub Lauko 0 0 0 0 0 0 0 0 0 0 0/0 6:50 0:00 0:08
Jeffrey Viel 0 0 0 -2 0 0 2 1 0 1 0/0 12:32 0:00 1:14
Joshua Jacobs 0 0 0 3 0 0 1 0 0 1 0/0 12:30 0:00 0:42
K'Andre Miller 0 1 1 0 0 0 1 4 0 0 0/0 21:04 2:10 2:33
Mikhail Vorobyev 0 0 0 -1 0 1 0 0 0 0 0/2 7:33 0:00 0:14
Nolan Patrick 2 4 6 4 2 5 3 0 0 1 15/34 22:16 3:18 2:29
Owen Tippet 0 0 0 0 0 4 2 0 2 1 0/0 14:36 1:59 0:00
Ryan Culkin 0 0 0 0 2 2 4 0 0 0 0/0 20:11 2:10 1:50
Sebastian Collberg 3 1 4 5 0 4 1 1 0 0 1/2 18:24 3:18 0:00
Players Stats for Icehogs
Player Name G A P +/- PIM S H SB GA TA FO MP PP MP PK MP
------------------------------------------------------------------------------------
Andrew Poturalski 0 0 0 -2 0 1 2 0 2 0 5/9 17:23 2:59 1:30
Ben Johnson 1 1 2 0 2 2 1 0 1 0 4/12 13:55 0:36 0:20
Calle Andersson 0 0 0 0 0 1 0 0 2 0 0/0 21:19 3:04 2:18
Clark Bishop 0 0 0 0 0 0 0 0 0 0 0/0 0:00 0:00 0:00
Declan Chisholm 0 1 1 1 0 0 0 0 0 0 0/0 10:06 0:00 0:00
Dillon Dube 0 1 1 0 0 2 1 0 0 1 21/36 22:42 3:53 3:14
Gabriel Fortier 1 1 2 0 0 2 3 1 0 2 0/1 13:18 0:13 0:17
Hudson Fasching 1 1 2 0 0 6 2 0 2 0 0/0 18:08 4:01 0:00
Jeremy Davies 0 0 0 0 0 1 2 3 0 2 0/0 21:19 3:04 2:18
JJ. Piccinich 0 0 0 0 0 1 2 0 1 0 0/0 12:48 0:13 0:00
Julius Honka 0 0 0 -3 0 0 2 1 0 0 0/0 28:35 4:09 2:59
Maxim Letunov 0 0 0 0 0 0 1 0 0 1 2/3 6:39 0:00 0:00
Mikhail Grigorenko 1 1 2 0 0 6 2 1 0 0 2/2 26:36 3:38 3:14
Mitchell Chaffee 0 0 0 0 0 0 0 0 0 0 0/0 6:09 0:00 0:00
Nikita Okhotyuk 0 0 0 1 0 0 0 0 0 0 0/0 10:06 0:00 0:00
Nikita Scherbak 0 0 0 -2 2 4 4 0 0 0 0/0 18:40 3:07 0:52
Patrick Sieloff 0 0 0 -3 0 2 0 2 1 0 0/0 28:35 4:09 2:59
Ross Johnston 0 0 0 -2 4 1 2 1 0 1 0/0 17:35 2:59 1:07
3 Stars
1 - Nolan Patrick (Har)
2 - Sebastian Collberg (Har)
3 - Dryden Hunt (Har)
Power Play
Wolfpack - 1 on 4 Attempt(s) - 25.00%
Icehogs - 1 on 5 Attempt(s) - 20.00%
Penalty Kill
Wolfpack - 4 on 5 Attempt(s) - 80.00%
- Score 0 goal in Penalty Kill
Icehogs - 3 on 4 Attempt(s) - 75.00%
- Score 0 goal in Penalty Kill
Team Stat
Wolfpack - Hits : 22 - Faceoff Wins : 29 - Blocked Shots : 13 - Penalty Minutes : 10
Icehogs - Hits : 24 - Faceoff Wins : 34 - Blocked Shots : 9 - Penalty Minutes : 8
Official
Referees : Dan Kelly and Chris Rooney
Linesman : James Tobias and Steve Barton
Game Notes
Sebastian Collberg has scored a Hat Trick!
Oscar Dansk enters game at 15:33 of 2nd period
Finance
Level 1 -- Attendance: 1953 (97.65%) -- Ticket Income $136,710
Level 2 -- Attendance: 914 (91.40%) -- Ticket Income $36,560
Total Attendance: 2867 (95.57%)
Total Ticket Income: $173,270
Other Income: $8,664
Total Income: $181,934
Wolfpack
5 vs 5 Forward
Center Left Wing Right Wing Time % Phy DF OF
1 Nolan Patrick Dryden Hunt Sebastian Collberg 40 1 2 2
2 Alex Barre-Boulet Alexander Barabanov Owen Tippet 30 1 2 2
3 Jake Marchment Jeffrey Viel Alexander Volkov 20 1 2 2
4 Mikhail Vorobyev Jakub Lauko Andrei Altybarmakyan 10 1 2 2
5 vs 5 Defense
Defense Defense Time % Phy DF OF
1 Derrick Pouliot Colton White 40 1 2 2
2 Ryan Culkin K'Andre Miller 30 1 2 2
3 Cale Fleury Joshua Jacobs 20 1 2 2
4 Derrick Pouliot Colton White 10 1 2 2
PowerPlay Forward
Center Left Wing Right Wing Time % Phy DF OF
1 Nolan Patrick Dryden Hunt Sebastian Collberg 60 1 2 2
2 Alex Barre-Boulet Alexander Barabanov Owen Tippet 40 1 2 2
PowerPlay Defense
Defense Defense Time % Phy DF OF
1 Derrick Pouliot Colton White 60 1 2 2
2 Ryan Culkin K'Andre Miller 40 1 2 2
Penalty Kill 4 Players Forward
Center Wing Time % Phy DF OF
1 Nolan Patrick Dryden Hunt 60 1 2 2
2 Alex Barre-Boulet Alexander Barabanov 40 1 2 2
Penalty Kill 4 Players Defense
Defense Defense Time % Phy DF OF
1 Derrick Pouliot Colton White 60 1 2 2
2 Ryan Culkin K'Andre Miller 40 1 2 2
Penalty Kill - 3 Players Forward
Forward Time % Phy DF OF
1 Nolan Patrick 60 1 2 2
2 Alex Barre-Boulet 40 1 2 2
Penalty Kill - 3 Players Defense
Defense Defense Time % Phy DF OF
1 Derrick Pouliot Colton White 60 1 2 2
2 Ryan Culkin K'Andre Miller 40 1 2 2
4 vs 4 Forward
Center Wing Time % Phy DF OF
1 Nolan Patrick Dryden Hunt 60 1 2 2
2 Alex Barre-Boulet Alexander Barabanov 40 1 2 2
4 vs 4 Defense
Defense Defense Time % Phy DF OF
1 Derrick Pouliot Colton White 60 1 2 2
2 Ryan Culkin K'Andre Miller 40 1 2 2
Last Minutes Offensive
Center Left Wing Right Wing Defense Defense
Nolan Patrick Dryden Hunt Sebastian Collberg Derrick Pouliot Colton White
Last Minutes Defensive
Center Left Wing Right Wing Defense Defense
Nolan Patrick Dryden Hunt Sebastian Collberg Derrick Pouliot Colton White
Goaltenders
Starting : Charlie Lindgren
Backup : Samuel Ersson
Extra Forwards
Normal : Alexander Barabanov, Alex Barre-Boulet, Jake Marchment - PP : Alexander Barabanov, Alex Barre-Boulet - PK : Alexander Barabanov
Extra Defensemen
Normal : K'Andre Miller, Cale Fleury, Joshua Jacobs - PP : K'Andre Miller - PK : K'Andre Miller, Cale Fleury
Penalty Shots
Sebastian Collberg, Nolan Patrick, Owen Tippet, Dryden Hunt, Alexander Barabanov
Custom OT Lines Forwards
Sebastian Collberg, Nolan Patrick, Owen Tippet, Dryden Hunt, Alexander Barabanov, Alex Barre-Boulet, Jake Marchment, Alexander Volkov, Andrei Altybarmakyan, Mikhail Vorobyev
Custom OT Lines Defensemen
Derrick Pouliot, Colton White, Ryan Culkin, K'Andre Miller, Cale Fleury
Scratches
Ryan Poehling (Healthy), Mason Shaw (Healthy), Ben Jones (Healthy), Samuel Houde (Healthy), Dylan Samberg (Healthy)
Shane Pinto (Healthy), Andrew Peeke (Healthy), Dante Fabbro (Healthy), Yegor Korshkov (Severed Right Wrist Tendon Injury), Linus Sandin (Healthy)
Jack Drury (Healthy), Martin Kaut (Healthy), Mathias Laferriere (Healthy), Maxwell Crozier (Healthy), Will Francis (Healthy)
Dustin Wolf (Healthy)
Icehogs
5 vs 5 Forward
Center Left Wing Right Wing Time % Phy DF OF
1 Dillon Dube Mikhail Grigorenko Hudson Fasching 40 1 2 2
2 Andrew Poturalski Ross Johnston Nikita Scherbak 30 1 2 2
3 Ben Johnson Gabriel Fortier JJ. Piccinich 20 1 2 2
4 Maxim Letunov Mikhail Grigorenko Mitchell Chaffee 10 1 2 2
5 vs 5 Defense
Defense Defense Time % Phy DF OF
1 Patrick Sieloff Julius Honka 40 1 2 2
2 Jeremy Davies Calle Andersson 30 1 2 2
3 Declan Chisholm Nikita Okhotyuk 20 1 2 2
4 Patrick Sieloff Julius Honka 10 1 2 2
PowerPlay Forward
Center Left Wing Right Wing Time % Phy DF OF
1 Dillon Dube Mikhail Grigorenko Hudson Fasching 60 1 2 2
2 Andrew Poturalski Ross Johnston Nikita Scherbak 40 1 2 2
PowerPlay Defense
Defense Defense Time % Phy DF OF
1 Patrick Sieloff Julius Honka 60 1 2 2
2 Jeremy Davies Calle Andersson 40 1 2 2
Penalty Kill 4 Players Forward
Center Wing Time % Phy DF OF
1 Dillon Dube Mikhail Grigorenko 60 1 2 2
2 Andrew Poturalski Ross Johnston 40 1 2 2
Penalty Kill 4 Players Defense
Defense Defense Time % Phy DF OF
1 Patrick Sieloff Julius Honka 60 1 2 2
2 Jeremy Davies Calle Andersson 40 1 2 2
Penalty Kill - 3 Players Forward
Forward Time % Phy DF OF
1 Dillon Dube 60 1 2 2
2 Andrew Poturalski 40 1 2 2
Penalty Kill - 3 Players Defense
Defense Defense Time % Phy DF OF
1 Patrick Sieloff Julius Honka 60 1 2 2
2 Jeremy Davies Calle Andersson 40 1 2 2
4 vs 4 Forward
Center Wing Time % Phy DF OF
1 Dillon Dube Mikhail Grigorenko 60 1 2 2
2 Andrew Poturalski Ross Johnston 40 1 2 2
4 vs 4 Defense
Defense Defense Time % Phy DF OF
1 Patrick Sieloff Julius Honka 60 1 2 2
2 Jeremy Davies Calle Andersson 40 1 2 2
Last Minutes Offensive
Center Left Wing Right Wing Defense Defense
Dillon Dube Mikhail Grigorenko Hudson Fasching Patrick Sieloff Julius Honka
Last Minutes Defensive
Center Left Wing Right Wing Defense Defense
Dillon Dube Mikhail Grigorenko Hudson Fasching Patrick Sieloff Julius Honka
Goaltenders
Starting : Mackenzie Blackwood
Backup : Oscar Dansk
Extra Forwards
Normal : Nikita Scherbak, Ben Johnson, Maxim Letunov - PP : Nikita Scherbak, Ben Johnson - PK : Nikita Scherbak
Extra Defensemen
Normal : Calle Andersson, Declan Chisholm, Nikita Okhotyuk - PP : Calle Andersson - PK : Calle Andersson, Declan Chisholm
Penalty Shots
Mikhail Grigorenko, Hudson Fasching, Dillon Dube, Andrew Poturalski, Nikita Scherbak
Custom OT Lines Forwards
Mikhail Grigorenko, Hudson Fasching, Dillon Dube, Andrew Poturalski, Nikita Scherbak, Ben Johnson, Maxim Letunov, Ross Johnston, Clark Bishop, JJ. Piccinich
Custom OT Lines Defensemen
Patrick Sieloff, Julius Honka, Jeremy Davies, Calle Andersson, Declan Chisholm
Scratches
Trevor Zegras (Lower Body Injury), Kristian Reichel (Healthy), Zach Whitecloud (Sprained Right Knee Injury), Jackson Cates (Healthy), Antoine Morand (Healthy)
Egor Afanasyev (Healthy), Petr Kvaca (Healthy)
% Time on Ice - Wolfpack
Lines # - Real PCT - Wanted PCT - Time Play
Normal Forward
1 - 35% - 40% - 16:20
2 - 27% - 30% - 12:40
3 - 24% - 20% - 11:18
4 - 14% - 10% - 6:26
Normal Defense
1 - 41% - 40% - 19:00
2 - 35% - 30% - 16:18
3 - 22% - 20% - 10:27
4 - 2% - 10% - 0:59
PP Forward
1 - 62% - 60% - 3:18
2 - 38% - 40% - 1:59
PP Defense
1 - 59% - 60% - 3:07
2 - 41% - 40% - 2:10
PK Forward
1 - 92% - 60% - 6:38
2 - 8% - 40% - 0:35
PK Defense
1 - 61% - 60% - 4:22
2 - 39% - 40% - 2:51
PK3 Forward
1 - 0% - 60%
2 - 0% - 40%
PK3 Defense
1 - 0% - 60%
2 - 0% - 40%
44 Forward
1 - 72% - 60% - 0:33
2 - 28% - 40% - 0:13
44 Defense
1 - 100% - 60% - 0:46
2 - 0% - 40% - 0:00
Last Minute Offensive - 0:00
Last Minute Defensive - 0:00
Total
Forward - 60:00
Defense - 60:00
|
% Time on Ice - Icehogs
Lines # - Real PCT - Wanted PCT - Time Play
Normal Forward
1 - 34% - 40% - 15:51
2 - 27% - 30% - 12:44
3 - 26% - 20% - 12:00
4 - 13% - 10% - 6:09
Normal Defense
1 - 41% - 40% - 19:10
2 - 34% - 30% - 15:57
3 - 22% - 20% - 10:06
4 - 3% - 10% - 1:31
PP Forward
1 - 59% - 60% - 4:14
2 - 41% - 40% - 2:59
PP Defense
1 - 58% - 60% - 4:09
2 - 42% - 40% - 3:04
PK Forward
1 - 72% - 60% - 3:47
2 - 28% - 40% - 1:30
PK Defense
1 - 56% - 60% - 2:59
2 - 44% - 40% - 2:18
PK3 Forward
1 - 0% - 60%
2 - 0% - 40%
PK3 Defense
1 - 0% - 60%
2 - 0% - 40%
44 Forward
1 - 78% - 60% - 0:36
2 - 22% - 40% - 0:10
44 Defense
1 - 100% - 60% - 0:46
2 - 0% - 40% - 0:00
Last Minute Offensive - 0:00
Last Minute Defensive - 0:00
Total
Forward - 60:00
Defense - 60:00
|
Play-by-Play
1st period
0:01 of 1st period - Nolan Patrick wins face-off versus Dillon Dube in neutral zone.
0:04 of 1st period - Julius Honka is hit by Nolan Patrick and loses puck.
0:36 of 1st period - Slapshot by Alexander Barabanov.
0:36 of 1st period - Stopped by Mackenzie Blackwood with a rebound.
0:54 of 1st period - Ben Johnson is hit by Ryan Culkin and loses puck.
1:26 of 1st period - Icing by Mikhail Grigorenko.
1:27 of 1st period - Dillon Dube wins face-off versus Sebastian Collberg in Icehogs zone.
1:36 of 1st period - Snap shot by Dryden Hunt.
1:36 of 1st period - Shot Blocked by Patrick Sieloff.
1:48 of 1st period - Slapshot by Dryden Hunt.
1:48 of 1st period - Shot Misses the Net.
1:50 of 1st period - Slapshot by Derrick Pouliot.
1:50 of 1st period - Deflect By Nikita Scherbak.
1:50 of 1st period - Stopped by Mackenzie Blackwood with a rebound.
1:52 of 1st period - Slapshot by Derrick Pouliot.
1:52 of 1st period - Shot Blocked by Jeremy Davies.
1:56 of 1st period - Wrist shot by Alex Barre-Boulet.
1:56 of 1st period - Stopped by Mackenzie Blackwood without a rebound.
1:57 of 1st period - Jake Marchment wins face-off versus Gabriel Fortier in Icehogs zone.
1:58 of 1st period - Slapshot by Derrick Pouliot.
1:58 of 1st period - Shot Blocked by Gabriel Fortier.
2:10 of 1st period - Slapshot by Gabriel Fortier.
2:10 of 1st period - Shot Misses the Net.
2:12 of 1st period - Wrist shot by Gabriel Fortier.
2:12 of 1st period - Goal by Gabriel Fortier - Wolfpack : 0 - Icehogs : 1.
2:13 of 1st period - Alex Barre-Boulet wins face-off versus Dillon Dube in neutral zone.
2:28 of 1st period - Snap shot by Mikhail Grigorenko.
2:28 of 1st period - Stopped by Charlie Lindgren without a rebound.
2:29 of 1st period - Andrew Poturalski wins face-off versus Nolan Patrick in Wolfpack zone.
3:12 of 1st period - Snap shot by Nolan Patrick.
3:12 of 1st period - Goal by Nolan Patrick - Wolfpack : 1 - Icehogs : 1.
3:13 of 1st period - Dillon Dube wins face-off versus Alex Barre-Boulet in neutral zone.
3:18 of 1st period - Slapshot by Hudson Fasching.
3:18 of 1st period - Shot Misses the Net.
3:39 of 1st period - Colton White is hit by Ross Johnston and loses puck.
4:25 of 1st period - Snap shot by Andrei Altybarmakyan.
4:25 of 1st period - Shot Misses the Net.
4:41 of 1st period - Snap shot by Andrei Altybarmakyan.
4:41 of 1st period - Stopped by Mackenzie Blackwood with a rebound.
4:43 of 1st period - Minor Penalty to Ross Johnston for Holding.
4:44 of 1st period - Nolan Patrick wins face-off versus Dillon Dube in Icehogs zone.
4:49 of 1st period - Snap shot by Dryden Hunt.
4:49 of 1st period - Shot Blocked by Patrick Sieloff.
4:51 of 1st period - Slapshot by Colton White.
4:51 of 1st period - Stopped by Mackenzie Blackwood without a rebound.
4:52 of 1st period - Dillon Dube wins face-off versus Nolan Patrick in Icehogs zone.
5:37 of 1st period - Icing by Derrick Pouliot.
5:38 of 1st period - Dillon Dube wins face-off versus Nolan Patrick in Wolfpack zone.
5:39 of 1st period - Wrist shot by Mikhail Grigorenko.
5:39 of 1st period - Shot Hit the Post.
5:41 of 1st period - Backhand shot by Dillon Dube.
5:41 of 1st period - Stopped by Charlie Lindgren with a rebound.
5:43 of 1st period - Slapshot by Calle Andersson.
5:43 of 1st period - Deflect By Dillon Dube.
5:43 of 1st period - Shot Misses the Net.
5:43 of 1st period - Puck is out of play.
5:44 of 1st period - Dillon Dube wins face-off versus Alex Barre-Boulet in Wolfpack zone.
5:53 of 1st period - Mikhail Grigorenko is hit by Ryan Culkin and loses puck.
6:43 of 1st period - Penalty to Ross Johnston is over, Ross Johnston is back on ice.
7:00 of 1st period - Slapshot by Alexander Volkov.
7:00 of 1st period - Shot Misses the Net.
7:29 of 1st period - Icing by Patrick Sieloff.
7:30 of 1st period - Alex Barre-Boulet wins face-off versus Maxim Letunov in Icehogs zone.
7:39 of 1st period - Wrist shot by Owen Tippet.
7:39 of 1st period - Stopped by Mackenzie Blackwood with a rebound.
7:41 of 1st period - Wrist shot by Alex Barre-Boulet.
7:41 of 1st period - Shot Misses the Net.
7:43 of 1st period - Slapshot by Alex Barre-Boulet.
7:43 of 1st period - Deflect By Owen Tippet.
7:43 of 1st period - Shot Blocked by Mikhail Grigorenko.
7:43 of 1st period - Puck is out of play.
7:44 of 1st period - Dillon Dube wins face-off versus Nolan Patrick in Icehogs zone.
8:58 of 1st period - Snap shot by Hudson Fasching.
8:58 of 1st period - Shot Misses the Net.
9:36 of 1st period - Nolan Patrick is hit by Mikhail Grigorenko and loses puck.
9:45 of 1st period - Jeremy Davies is hit by Nolan Patrick and loses puck.
9:58 of 1st period - Wrist shot by Ben Johnson.
9:58 of 1st period - Shot Blocked by K'Andre Miller.
10:00 of 1st period - Wrist shot by JJ. Piccinich.
10:00 of 1st period - Stopped by Charlie Lindgren with a rebound.
10:16 of 1st period - Slapshot by Gabriel Fortier.
10:16 of 1st period - Shot Blocked by K'Andre Miller.
10:36 of 1st period - Snap shot by Dryden Hunt.
10:36 of 1st period - Shot Misses the Net.
10:38 of 1st period - Backhand shot by Sebastian Collberg.
10:38 of 1st period - Deflect By Nolan Patrick.
10:38 of 1st period - Shot Blocked by Julius Honka.
10:38 of 1st period - Puck is out of play.
10:39 of 1st period - Ben Johnson wins face-off versus Nolan Patrick in Icehogs zone.
11:24 of 1st period - Slapshot by Sebastian Collberg.
11:24 of 1st period - Shot Misses the Net.
11:30 of 1st period - Snap shot by Sebastian Collberg.
11:30 of 1st period - Goal by Sebastian Collberg - Wolfpack : 2 - Icehogs : 1.
11:31 of 1st period - Alex Barre-Boulet wins face-off versus Dillon Dube in neutral zone.
11:36 of 1st period - Wrist shot by Owen Tippet.
11:36 of 1st period - Stopped by Mackenzie Blackwood with a rebound.
11:56 of 1st period - Ross Johnston is hit by Jeffrey Viel.
12:16 of 1st period - Wrist shot by Sebastian Collberg.
12:16 of 1st period - Shot Misses the Net.
12:18 of 1st period - Slapshot by K'Andre Miller.
12:18 of 1st period - Shot Misses the Net.
12:20 of 1st period - Snap shot by Sebastian Collberg.
12:20 of 1st period - Shot Misses the Net.
12:22 of 1st period - Slapshot by Dryden Hunt.
12:22 of 1st period - Shot Misses the Net.
12:24 of 1st period - Slapshot by Ryan Culkin.
12:24 of 1st period - Stopped by Mackenzie Blackwood with a rebound.
12:41 of 1st period - Alexander Barabanov is hit by Andrew Poturalski and loses puck.
12:46 of 1st period - Wrist shot by Andrew Poturalski.
12:46 of 1st period - Shot Misses the Net.
12:55 of 1st period - Wrist shot by Nikita Scherbak.
12:55 of 1st period - Stopped by Charlie Lindgren with a rebound.
13:07 of 1st period - Wrist shot by Alexander Barabanov.
13:07 of 1st period - Stopped by Mackenzie Blackwood without a rebound.
13:08 of 1st period - Dillon Dube wins face-off versus Nolan Patrick in Icehogs zone.
13:19 of 1st period - Wrist shot by Hudson Fasching.
13:19 of 1st period - Shot Blocked by Colton White.
13:25 of 1st period - Snap shot by Mikhail Grigorenko.
13:25 of 1st period - Deflect By Hudson Fasching.
13:25 of 1st period - Shot Misses the Net.
13:25 of 1st period - Puck is out of play.
13:26 of 1st period - Ben Johnson wins face-off versus Jake Marchment in Wolfpack zone.
13:51 of 1st period - Patrick Sieloff is hit by Alexander Barabanov and loses puck.
14:04 of 1st period - Snap shot by Alex Barre-Boulet.
14:04 of 1st period - Stopped by Mackenzie Blackwood with a rebound.
15:12 of 1st period - Slapshot by Alexander Barabanov.
15:12 of 1st period - Stopped by Mackenzie Blackwood with a rebound.
17:21 of 1st period - Colton White is hit by Maxim Letunov and loses puck.
17:54 of 1st period - Ben Johnson is hit by Owen Tippet and loses puck.
18:03 of 1st period - JJ. Piccinich is hit by Alex Barre-Boulet and loses puck.
18:22 of 1st period - Calle Andersson is hit by Jeffrey Viel and loses puck.
18:33 of 1st period - Maxim Letunov is hit by Derrick Pouliot and loses puck.
18:42 of 1st period - Snap shot by Andrei Altybarmakyan.
18:42 of 1st period - Shot Blocked by Jeremy Davies.
19:13 of 1st period - Jake Marchment is hit by Hudson Fasching and loses puck.
Goals for this period are 2 for Wolfpack vs 1 for Icehogs.
Shots for this period are 13 for Wolfpack vs 5 for Icehogs.
2nd period
0:01 of 2nd period - Sebastian Collberg wins face-off versus Dillon Dube in neutral zone.
0:08 of 2nd period - Slapshot by Nolan Patrick.
0:08 of 2nd period - Stopped by Mackenzie Blackwood without a rebound.
0:09 of 2nd period - Dillon Dube wins face-off versus Nolan Patrick in Icehogs zone.
0:16 of 2nd period - Snap shot by Mikhail Grigorenko.
0:16 of 2nd period - Shot Misses the Net.
0:24 of 2nd period - Slapshot by Mikhail Grigorenko.
0:24 of 2nd period - Stopped by Charlie Lindgren with a rebound.
0:28 of 2nd period - Snap shot by Mikhail Grigorenko.
0:28 of 2nd period - Stopped by Charlie Lindgren without a rebound.
0:29 of 2nd period - Alex Barre-Boulet wins face-off versus Andrew Poturalski in Wolfpack zone.
0:29 of 2nd period - Alex Barre-Boulet is hit by Andrew Poturalski.
1:07 of 2nd period - Wrist shot by Mikhail Grigorenko.
1:07 of 2nd period - Shot Blocked by K'Andre Miller.
1:28 of 2nd period - Wrist shot by Ben Johnson.
1:28 of 2nd period - Goal by Ben Johnson - Wolfpack : 2 - Icehogs : 2.
1:29 of 2nd period - Dillon Dube wins face-off versus Nolan Patrick in neutral zone.
1:32 of 2nd period - Snap shot by Mikhail Grigorenko.
1:32 of 2nd period - Shot Blocked by Colton White.
1:54 of 2nd period - Derrick Pouliot is hit by Nikita Scherbak and loses puck.
2:09 of 2nd period - Alex Barre-Boulet is hit by Julius Honka and loses puck.
2:20 of 2nd period - Backhand shot by Derrick Pouliot.
2:20 of 2nd period - Shot Misses the Net.
2:28 of 2nd period - Slapshot by Jeremy Davies.
2:28 of 2nd period - Stopped by Charlie Lindgren without a rebound.
2:29 of 2nd period - Nolan Patrick wins face-off versus Dillon Dube in Wolfpack zone.
3:23 of 2nd period - Minor Penalty to Ben Johnson for Boarding.
3:24 of 2nd period - Nolan Patrick wins face-off versus Dillon Dube in Icehogs zone.
4:36 of 2nd period - Minor Penalty to Colton White for Slashing.
4:37 of 2nd period - Dillon Dube wins face-off versus Nolan Patrick in Wolfpack zone.
5:20 of 2nd period - Slapshot by Patrick Sieloff.
5:20 of 2nd period - Stopped by Charlie Lindgren with a rebound.
5:23 of 2nd period - Penalty to Ben Johnson is over, Ben Johnson is back on ice.
6:04 of 2nd period - Nikita Scherbak is hit by Ryan Culkin and loses puck.
6:36 of 2nd period - Penalty to Colton White is over, Colton White is back on ice.
6:41 of 2nd period - Andrei Altybarmakyan is hit by Ben Johnson and loses puck.
7:58 of 2nd period - Calle Andersson is hit by K'Andre Miller and loses puck.
8:27 of 2nd period - K'Andre Miller is hit by Dillon Dube and loses puck.
8:44 of 2nd period - Minor Penalty to Ryan Culkin for Cross-checking.
8:45 of 2nd period - Nolan Patrick wins face-off versus Dillon Dube in Wolfpack zone.
9:12 of 2nd period - Colton White is hit by Nikita Scherbak and loses puck.
9:21 of 2nd period - Slapshot by Patrick Sieloff.
9:21 of 2nd period - Shot Misses the Net.
9:23 of 2nd period - Wrist shot by Nikita Scherbak.
9:23 of 2nd period - Shot Misses the Net.
9:49 of 2nd period - Cale Fleury is hit by Nikita Scherbak and loses puck.
10:00 of 2nd period - Calle Andersson is hit by Alexander Barabanov and loses puck.
10:44 of 2nd period - Penalty to Ryan Culkin is over, Ryan Culkin is back on ice.
10:45 of 2nd period - Colton White is hit by Gabriel Fortier and loses puck.
11:10 of 2nd period - Wrist shot by Mikhail Vorobyev.
11:10 of 2nd period - Stopped by Mackenzie Blackwood without a rebound.
11:11 of 2nd period - Maxim Letunov wins face-off versus Mikhail Vorobyev in Icehogs zone.
11:28 of 2nd period - Gabriel Fortier is hit by Dryden Hunt and loses puck.
11:33 of 2nd period - Snap shot by Sebastian Collberg.
11:33 of 2nd period - Goal by Sebastian Collberg - Wolfpack : 3 - Icehogs : 2.
11:34 of 2nd period - Nolan Patrick wins face-off versus Dillon Dube in neutral zone.
11:44 of 2nd period - Patrick Sieloff is hit by Cale Fleury and loses puck.
12:17 of 2nd period - Minor Penalty to Nikita Scherbak for Goalie Interference.
12:18 of 2nd period - Nolan Patrick wins face-off versus Dillon Dube in Icehogs zone.
13:17 of 2nd period - K'Andre Miller is hit by Ross Johnston and loses puck.
13:54 of 2nd period - Owen Tippet is hit by Gabriel Fortier and loses puck.
13:59 of 2nd period - Snap shot by Ben Johnson.
13:59 of 2nd period - Deflect By Gabriel Fortier.
13:59 of 2nd period - Stopped by Charlie Lindgren without a rebound.
14:00 of 2nd period - Alex Barre-Boulet wins face-off versus Ben Johnson in Wolfpack zone.
14:17 of 2nd period - Penalty to Nikita Scherbak is over, Nikita Scherbak is back on ice.
14:23 of 2nd period - Mikhail Grigorenko is hit by Ryan Culkin.
14:27 of 2nd period - Wrist shot by Andrei Altybarmakyan.
14:27 of 2nd period - Stopped by Mackenzie Blackwood with a rebound.
14:54 of 2nd period - Wrist shot by Mikhail Grigorenko.
14:54 of 2nd period - Shot Blocked by Alexander Volkov.
14:56 of 2nd period - Slapshot by Mikhail Grigorenko.
14:56 of 2nd period - Shot Blocked by Jeffrey Viel.
14:58 of 2nd period - Slapshot by Mikhail Grigorenko.
14:58 of 2nd period - Stopped by Charlie Lindgren with a rebound.
15:00 of 2nd period - Snap shot by Dillon Dube.
15:00 of 2nd period - Shot Misses the Net.
15:02 of 2nd period - Wrist shot by Mikhail Grigorenko.
15:02 of 2nd period - Shot Misses the Net.
15:20 of 2nd period - Snap shot by Nikita Scherbak.
15:20 of 2nd period - Stopped by Charlie Lindgren without a rebound.
15:21 of 2nd period - Nolan Patrick wins face-off versus Ben Johnson in Wolfpack zone.
15:21 of 2nd period - Nolan Patrick is hit by Julius Honka.
15:31 of 2nd period - Wrist shot by Sebastian Collberg.
15:31 of 2nd period - Stopped by Mackenzie Blackwood with a rebound.
15:33 of 2nd period - Snap shot by Sebastian Collberg.
15:33 of 2nd period - Goal by Sebastian Collberg - Wolfpack : 4 - Icehogs : 2.
15:33 of 2nd period - Oscar Dansk enters game.
15:34 of 2nd period - Nolan Patrick wins face-off versus Ben Johnson in neutral zone.
15:36 of 2nd period - Off-side.
15:37 of 2nd period - Nolan Patrick wins face-off versus Ben Johnson in neutral zone.
16:30 of 2nd period - Wrist shot by Hudson Fasching.
16:30 of 2nd period - Stopped by Charlie Lindgren with a rebound.
17:09 of 2nd period - Snap shot by Nolan Patrick.
17:09 of 2nd period - Stopped by Oscar Dansk with a rebound.
17:11 of 2nd period - Snap shot by Dryden Hunt.
17:11 of 2nd period - Goal by Dryden Hunt - Wolfpack : 5 - Icehogs : 2.
17:12 of 2nd period - Nolan Patrick wins face-off versus Dillon Dube in neutral zone.
17:23 of 2nd period - Wrist shot by Dillon Dube.
17:23 of 2nd period - Shot Blocked by Derrick Pouliot.
17:25 of 2nd period - Wrist shot by Dillon Dube.
17:25 of 2nd period - Stopped by Charlie Lindgren with a rebound.
17:27 of 2nd period - Snap shot by Mikhail Grigorenko.
17:27 of 2nd period - Shot Blocked by Sebastian Collberg.
17:49 of 2nd period - Snap shot by Andrew Poturalski.
17:49 of 2nd period - Stopped by Charlie Lindgren without a rebound.
17:50 of 2nd period - Dillon Dube wins face-off versus Nolan Patrick in Wolfpack zone.
18:42 of 2nd period - Wrist shot by Alexander Volkov.
18:42 of 2nd period - Shot Misses the Net.
18:44 of 2nd period - Wrist shot by Jake Marchment.
18:44 of 2nd period - Stopped by Oscar Dansk with a rebound.
19:18 of 2nd period - Jeremy Davies is hit by Nolan Patrick and loses puck.
19:27 of 2nd period - Wrist shot by Sebastian Collberg.
19:27 of 2nd period - Shot Misses the Net.
Goals for this period are 3 for Wolfpack vs 1 for Icehogs.
Shots for this period are 9 for Wolfpack vs 11 for Icehogs.
3rd period
0:01 of 3rd period - Mikhail Grigorenko wins face-off versus Nolan Patrick in neutral zone.
0:12 of 3rd period - Slapshot by Colton White.
0:12 of 3rd period - Stopped by Oscar Dansk without a rebound.
0:13 of 3rd period - Dillon Dube wins face-off versus Nolan Patrick in Icehogs zone.
0:22 of 3rd period - Snap shot by Mikhail Grigorenko.
0:22 of 3rd period - Stopped by Charlie Lindgren with a rebound.
0:24 of 3rd period - Backhand shot by Dillon Dube.
0:24 of 3rd period - Shot Misses the Net.
1:15 of 3rd period - Slapshot by Ryan Culkin.
1:15 of 3rd period - Stopped by Oscar Dansk without a rebound.
1:16 of 3rd period - Andrew Poturalski wins face-off versus Nolan Patrick in Icehogs zone.
1:16 of 3rd period - Andrew Poturalski is hit by Sebastian Collberg.
1:50 of 3rd period - Slapshot by Derrick Pouliot.
1:50 of 3rd period - Shot Blocked by Jeremy Davies.
1:53 of 3rd period - Icing by Calle Andersson.
1:54 of 3rd period - Alex Barre-Boulet wins face-off versus Ben Johnson in Icehogs zone.
3:27 of 3rd period - Wrist shot by Ben Johnson.
3:27 of 3rd period - Shot Misses the Net.
3:54 of 3rd period - Off-side.
3:55 of 3rd period - Nolan Patrick wins face-off versus Dillon Dube in neutral zone.
4:12 of 3rd period - Mikhail Grigorenko is hit by Joshua Jacobs and loses puck.
4:23 of 3rd period - Wrist shot by Owen Tippet.
4:23 of 3rd period - Stopped by Oscar Dansk with a rebound.
5:24 of 3rd period - Minor Penalty to Nolan Patrick for Roughing.
5:25 of 3rd period - Alexander Barabanov wins face-off versus Dillon Dube in Wolfpack zone.
6:00 of 3rd period - Snap shot by Nikita Scherbak.
6:00 of 3rd period - Stopped by Charlie Lindgren without a rebound.
6:01 of 3rd period - Alexander Barabanov wins face-off versus Andrew Poturalski in Wolfpack zone.
6:20 of 3rd period - Slapshot by Andrew Poturalski.
6:20 of 3rd period - Shot Misses the Net.
6:22 of 3rd period - Wrist shot by Andrew Poturalski.
6:22 of 3rd period - Shot Misses the Net.
6:24 of 3rd period - Backhand shot by Jeremy Davies.
6:24 of 3rd period - Shot Blocked by K'Andre Miller.
6:26 of 3rd period - Snap shot by Ross Johnston.
6:26 of 3rd period - Stopped by Charlie Lindgren with a rebound.
6:28 of 3rd period - Snap shot by Nikita Scherbak.
6:28 of 3rd period - Stopped by Charlie Lindgren without a rebound.
6:29 of 3rd period - Mikhail Grigorenko wins face-off versus Jake Marchment in Wolfpack zone.
6:30 of 3rd period - Snap shot by Hudson Fasching.
6:30 of 3rd period - Stopped by Charlie Lindgren without a rebound.
6:31 of 3rd period - Dillon Dube wins face-off versus Jake Marchment in Wolfpack zone.
6:36 of 3rd period - Snap shot by Mikhail Grigorenko.
6:36 of 3rd period - Deflect By Dillon Dube.
6:36 of 3rd period - Shot Misses the Net.
6:36 of 3rd period - Puck is out of play.
6:37 of 3rd period - Dillon Dube wins face-off versus Jake Marchment in Wolfpack zone.
6:44 of 3rd period - Snap shot by Hudson Fasching.
6:44 of 3rd period - Shot Misses the Net.
6:46 of 3rd period - Snap shot by Hudson Fasching.
6:46 of 3rd period - Shot Misses the Net.
6:48 of 3rd period - Wrist shot by Mikhail Grigorenko.
6:48 of 3rd period - Shot Misses the Net.
6:50 of 3rd period - Snap shot by Dillon Dube.
6:50 of 3rd period - Shot Blocked by Derrick Pouliot.
6:52 of 3rd period - Slapshot by Julius Honka.
6:52 of 3rd period - Shot Blocked by Derrick Pouliot.
6:56 of 3rd period - Snap shot by Hudson Fasching.
6:56 of 3rd period - Shot Misses the Net.
7:24 of 3rd period - Penalty to Nolan Patrick is over, Nolan Patrick is back on ice.
7:52 of 3rd period - Snap shot by Nolan Patrick.
7:52 of 3rd period - Stopped by Oscar Dansk with a rebound.
8:00 of 3rd period - Snap shot by Mikhail Grigorenko.
8:00 of 3rd period - Goal by Mikhail Grigorenko - Wolfpack : 5 - Icehogs : 3.
8:01 of 3rd period - Andrew Poturalski wins face-off versus Alex Barre-Boulet in neutral zone.
8:04 of 3rd period - Derrick Pouliot is hit by Jeremy Davies and loses puck.
8:44 of 3rd period - Icing by Calle Andersson.
8:45 of 3rd period - Maxim Letunov wins face-off versus Jake Marchment in Icehogs zone.
9:12 of 3rd period - Slapshot by Jake Marchment.
9:12 of 3rd period - Stopped by Oscar Dansk without a rebound.
9:13 of 3rd period - Ben Johnson wins face-off versus Nolan Patrick in Icehogs zone.
9:20 of 3rd period - Dryden Hunt is hit by JJ. Piccinich and loses puck.
9:39 of 3rd period - Slapshot by Alexander Volkov.
9:39 of 3rd period - Stopped by Oscar Dansk without a rebound.
9:40 of 3rd period - Dillon Dube wins face-off versus Jake Marchment in Icehogs zone.
9:44 of 3rd period - Off-side.
9:45 of 3rd period - Dillon Dube wins face-off versus Alexander Volkov in neutral zone.
10:00 of 3rd period - Snap shot by Hudson Fasching.
10:00 of 3rd period - Stopped by Charlie Lindgren without a rebound.
10:01 of 3rd period - Andrew Poturalski wins face-off versus Nolan Patrick in Wolfpack zone.
10:02 of 3rd period - Snap shot by Patrick Sieloff.
10:02 of 3rd period - Stopped by Charlie Lindgren without a rebound.
10:03 of 3rd period - Andrew Poturalski wins face-off versus Nolan Patrick in Wolfpack zone.
10:39 of 3rd period - Snap shot by Mikhail Grigorenko.
10:39 of 3rd period - Shot Misses the Net.
10:53 of 3rd period - Wrist shot by Ben Johnson.
10:53 of 3rd period - Stopped by Charlie Lindgren without a rebound.
10:54 of 3rd period - Nolan Patrick wins face-off versus Ben Johnson in Wolfpack zone.
10:56 of 3rd period - Minor Penalty to Dryden Hunt for Interference.
10:57 of 3rd period - Dillon Dube wins face-off versus Nolan Patrick in Wolfpack zone.
12:34 of 3rd period - Derrick Pouliot is hit by Hudson Fasching and loses puck.
12:51 of 3rd period - Slapshot by Derrick Pouliot.
12:51 of 3rd period - Stopped by Oscar Dansk without a rebound.
12:52 of 3rd period - Ben Johnson wins face-off versus Mikhail Vorobyev in Icehogs zone.
12:56 of 3rd period - Penalty to Dryden Hunt is over, Dryden Hunt is back on ice.
13:17 of 3rd period - K'Andre Miller is hit by Mikhail Grigorenko and loses puck.
13:40 of 3rd period - Snap shot by Alexander Volkov.
13:40 of 3rd period - Shot Blocked by Ross Johnston.
13:42 of 3rd period - Wrist shot by Alexander Volkov.
13:42 of 3rd period - Stopped by Oscar Dansk with a rebound.
13:48 of 3rd period - Minor Penalty to Ross Johnston for Roughing.
13:49 of 3rd period - Nolan Patrick wins face-off versus Dillon Dube in Icehogs zone.
13:50 of 3rd period - Snap shot by Dryden Hunt.
13:50 of 3rd period - Shot Misses the Net.
13:52 of 3rd period - Slapshot by Colton White.
13:52 of 3rd period - Shot Misses the Net.
13:54 of 3rd period - Slapshot by Nolan Patrick.
13:54 of 3rd period - Goal by Nolan Patrick - Wolfpack : 6 - Icehogs : 3.
13:55 of 3rd period - Nolan Patrick wins face-off versus Dillon Dube in neutral zone.
14:12 of 3rd period - Wrist shot by Hudson Fasching.
14:12 of 3rd period - Stopped by Charlie Lindgren without a rebound.
14:13 of 3rd period - Alex Barre-Boulet wins face-off versus Andrew Poturalski in Wolfpack zone.
14:13 of 3rd period - Alex Barre-Boulet is hit by Nikita Scherbak.
14:18 of 3rd period - Off-side.
14:19 of 3rd period - Alexander Barabanov wins face-off versus Andrew Poturalski in neutral zone.
14:46 of 3rd period - Dillon Dube is hit by Derrick Pouliot and loses puck.
15:02 of 3rd period - Off-side.
15:03 of 3rd period - Jake Marchment wins face-off versus Ben Johnson in neutral zone.
15:17 of 3rd period - Jeffrey Viel is hit by Jeremy Davies and loses puck.
15:21 of 3rd period - Jake Marchment is hit by Gabriel Fortier and loses puck.
15:56 of 3rd period - Minor Penalty to Jake Marchment for Interference.
15:57 of 3rd period - Dillon Dube wins face-off versus Nolan Patrick in Wolfpack zone.
15:57 of 3rd period - Snap shot by Mikhail Grigorenko.
15:57 of 3rd period - Shot Blocked by Dryden Hunt.
15:59 of 3rd period - Slapshot by Hudson Fasching.
15:59 of 3rd period - Goal by Hudson Fasching - Wolfpack : 6 - Icehogs : 4.
16:00 of 3rd period - Dillon Dube wins face-off versus Jake Marchment in neutral zone.
16:40 of 3rd period - Dryden Hunt is hit by JJ. Piccinich and loses puck.
16:57 of 3rd period - Slapshot by Calle Andersson.
16:57 of 3rd period - Stopped by Charlie Lindgren with a rebound.
18:05 of 3rd period - Wrist shot by JJ. Piccinich.
18:05 of 3rd period - Shot Misses the Net.
18:21 of 3rd period - Icing by Dillon Dube.
18:22 of 3rd period - Dillon Dube wins face-off versus Alex Barre-Boulet in Icehogs zone.
18:22 of 3rd period - Dillon Dube is hit by Owen Tippet.
18:48 of 3rd period - Wrist shot by Nolan Patrick.
18:48 of 3rd period - Shot Misses the Net.
18:51 of 3rd period - Icing by Dillon Dube.
18:52 of 3rd period - Dillon Dube wins face-off versus Nolan Patrick in Icehogs zone.
18:52 of 3rd period - Dillon Dube is hit by Dryden Hunt.
19:00 of 3rd period - Slapshot by Hudson Fasching.
19:00 of 3rd period - Stopped by Charlie Lindgren without a rebound.
19:01 of 3rd period - Jake Marchment wins face-off versus Ben Johnson in Wolfpack zone.
19:28 of 3rd period - Snap shot by Owen Tippet.
19:28 of 3rd period - Stopped by Oscar Dansk with a rebound.
Goals for this period are 1 for Wolfpack vs 2 for Icehogs.
Shots for this period are 10 for Wolfpack vs 13 for Icehogs.